[Event "ICC tourney 2396 (75 10)"]
[Site "Internet Chess Club"]
[Date "2021.02.20"]
[Round "1"]
[White "wahoo"]
[Black "edwinthomas"]
[Result "1-0"]
[ICCResult "Black resigns"]
[WhiteElo "1653"]
[BlackElo "1527"]
[Opening "King's pawn game"]
[ECO "C50"]
[NIC "IG.03"]
[Time "11:04:00"]
[PlyCount "65"]
[TimeControl "4500+10"]

1. e4 e5 2. Nf3 Nc6 3. Bc4 Nd4 4. d3 Nxf3+ 5. Qxf3 Qf6 6. Qxf6 Nxf6 7. Bg5
Bc5 8. Nc3 c6 9. O-O d6 10. Bb3 h6 11. Bxf6 gxf6 12. Na4 Bb6 13. Nxb6 axb6
14. f4 Be6 15. fxe5 fxe5 16. Bxe6 fxe6 17. Rf6 Ke7 18. Rg6 h5 19. Rg7+ Kf6
20. Rxb7 Ra6 21. Rf1+ Kg6 22. a3 Rh6 23. Re7 Kg5 24. Rg7+ Rg6 25. h4+ Kh6
26. Rxg6+ Kxg6 27. Rf8 Ra5 28. Rb8 Rb5 29. b4 c5 30. c4 cxb4 31. cxb5 b3
32. Rf8 d5 33. Rf1 { Black resigns } 1-0

[Event "ICC tourney 2396 (75 10)"]
[Site "Internet Chess Club"]
[Date "2021.02.20"]
[Round "1"]
[White "Mpugachev"]
[Black "BobbyFissure"]
[Result "1/2-1/2"]
[ICCResult "Game drawn by mutual agreement"]
[WhiteElo "1630"]
[BlackElo "1504"]
[Opening "Sicilian: closed"]
[ECO "B24"]
[NIC "SI.44"]
[Time "11:04:03"]
[PlyCount "34"]
[TimeControl "4500+10"]

1. e4 c5 2. Nc3 Nc6 3. g3 e6 4. Bg2 Be7 5. d3 Nf6 6. f4 d6 7. Nf3 Qc7 8.
O-O a6 9. h3 Rb8 10. g4 b5 11. Be3 b4 12. Ne2 e5 13. f5 Nd4 14. g5 Nxe2+
15. Qxe2 Nh5 16. Kh2 d5 17. Ng1 Nf4 { Game drawn by mutual agreement }
1/2-1/2

[Event "ICC tourney 2396 (75 10)"]
[Site "Internet Chess Club"]
[Date "2021.02.20"]
[Round "1"]
[White "Ryan123455"]
[Black "Deveshc"]
[Result "1-0"]
[ICCResult "Black checkmated"]
[WhiteElo "1622"]
[BlackElo "1371"]
[Opening "Sicilian: Richter-Rauzer, Rauzer attack, 7...a6"]
[ECO "B66"]
[NIC "SI.29"]
[Time "11:04:09"]
[PlyCount "61"]
[TimeControl "4500+10"]

1. e4 c5 2. Nf3 Nc6 3. d4 cxd4 4. Nxd4 Nf6 5. Nc3 d6 6. Bg5 e6 7. Qd2 a6 8.
O-O-O Be7 9. f4 h6 10. Bxf6 gxf6 11. g4 Nxd4 12. Qxd4 e5 13. Qa4+ Bd7 14.
Qb3 Bxg4 15. Bc4 Bxd1 16. Bxf7+ Kf8 17. Bg6 d5 18. Rxd1 Rg8 19. f5 Rg7 20.
Nxd5 Qa5 21. Nb6 Rd8 22. Nd7+ Rxd7 23. Rxd7 Qe1+ 24. Rd1 Qxe4 25. Qb6 Rxg6
26. fxg6 f5 27. Qe6 Bg5+ 28. Kb1 Qd5 29. Qxd5 Kg7 30. Qf7+ Kh8 31. Qh7# {
Black checkmated } 1-0

[Event "ICC tourney 2396 (75 10)"]
[Site "Internet Chess Club"]
[Date "2021.02.20"]
[Round "1"]
[White "yanje03"]
[Black "Mulan2009"]
[Result "1-0"]
[ICCResult "Black resigns"]
[WhiteElo "1570"]
[BlackElo "1680"]
[Opening "French: Winawer, advance, 5.a3"]
[ECO "C17"]
[NIC "FR.10"]
[Time "11:04:51"]
[PlyCount "95"]
[TimeControl "4500+10"]

1. e4 e6 2. d4 d5 3. Nc3 Bb4 4. e5 c5 5. a3 cxd4 6. axb4 dxc3 7. Qg4 g6 8.
bxc3 Qc7 9. Qd4 Nc6 10. Bb5 Ne7 11. Nf3 a6 12. Bxc6+ Nxc6 13. Qf4 b5 14.
Qf6 Rg8 15. Bg5 Bb7 16. O-O Ne7 17. Nd4 Nf5 18. g4 Nxd4 19. cxd4 Rc8 20.
Ra3 h6 21. Rc3 Qd7 22. Rxc8+ Bxc8 23. Bxh6 Qe7 24. Bg5 Qxf6 25. Bxf6 Kd7
26. h4 Bb7 27. c3 Bc8 28. f4 Bb7 29. Kf2 Rc8 30. Rc1 Ke8 31. Bg7 Ke7 32. h5
gxh5 33. gxh5 f5 34. exf6+ Kf7 35. h6 Kg8 36. Rh1 Kh7 37. f7 Bc6 38. f8=R
Rxf8 39. Bxf8 Be8 40. Rg1 Bg6 41. Rxg6 Kxg6 42. Kf3 Kh7 43. f5 exf5 44. Kf4
Kg6 45. Ke5 Kh7 46. Kxf5 Kh8 47. Kg6 Kg8 48. Bg7 { Black resigns } 1-0

[Event "ICC tourney 2396 (75 10)"]
[Site "Internet Chess Club"]
[Date "2021.02.20"]
[Round "1"]
[White "ScorpianFire7"]
[Black "Shoshonte"]
[Result "1-0"]
[ICCResult "Black resigns"]
[WhiteElo "1495"]
[BlackElo "1626"]
[Opening "Giuoco Piano"]
[ECO "C53"]
[NIC "IG.02"]
[Time "11:04:05"]
[PlyCount "49"]
[TimeControl "4500+10"]

1. e4 e5 2. Nf3 Nc6 3. Bc4 Bc5 4. c3 d6 5. d3 Nf6 6. O-O Bg4 7. Nbd2 O-O 8.
Re1 a5 9. a4 h6 10. Nf1 Bh5 11. Ng3 Bg6 12. Nh4 Nxe4 13. Nxg6 Nxf2 14. Qe2
Nxd3+ 15. Be3 Bxe3+ 16. Qxe3 Nxe1 17. Nxf8 d5 18. Bb3 Nxg2 19. Kxg2 Kxf8
20. Rd1 d4 21. cxd4 exd4 22. Qe4 Qe7 23. Qh7 Qd8 24. Re1 Ne7 25. Nf5 {
Black resigns } 1-0

[Event "ICC tourney 2396 (75 10)"]
[Site "Internet Chess Club"]
[Date "2021.02.20"]
[Round "1"]
[White "Pugnacious"]
[Black "solveur"]
[Result "0-1"]
[ICCResult "White resigns"]
[WhiteElo "1671"]
[BlackElo "1560"]
[Opening "Giuoco Piano"]
[ECO "C50"]
[NIC "IG.02"]
[Time "11:04:02"]
[PlyCount "90"]
[TimeControl "4500+10"]

1. e4 e5 2. Nf3 Nc6 3. Bc4 Bc5 4. d4 Bxd4 5. Nxd4 Nxd4 6. Be3 Nc6 7. Nc3
Nf6 8. O-O O-O 9. Bg5 h6 10. Bh4 d6 11. Qf3 g5 12. Bg3 Be6 13. Nd5 Bxd5 14.
exd5 Nd4 15. Qd3 Qc8 16. c3 Nf5 17. h4 Ne7 18. hxg5 hxg5 19. f4 exf4 20.
Bxf4 gxf4 21. Rxf4 Nh7 22. Qg3+ Kh8 23. Raf1 f5 24. Rh4 Rf7 25. Re1 Qg8 26.
Qh2 Ng6 27. Rh6 Ne5 28. Rxe5 dxe5 29. d6 f4 30. Qh5 f3 31. Rg6 f2+ 32. Kf1
Qxg6 33. Qxg6 Rf6 34. Qe4 cxd6 35. Qxb7 Raf8 36. Bd5 Ng5 37. Qxa7 Rh6 38.
Bf3 Ne4 39. g4 Rh1+ 40. Bxh1 Ng3+ 41. Kg2 f1=Q+ 42. Kxg3 Qxh1 43. Qe3 e4
44. Qd4+ Kh7 45. Qa7+ Kg6 { White resigns } 0-1

[Event "ICC tourney 2396 (75 10)"]
[Site "Internet Chess Club"]
[Date "2021.02.20"]
[Round "1"]
[White "Artemio3"]
[Black "SuperBlueSky"]
[Result "0-1"]
[ICCResult "White resigns"]
[WhiteElo "1721"]
[BlackElo "1585"]
[Opening "Ruy Lopez: Morphy defense"]
[ECO "C77"]
[NIC "RL.12"]
[Time "11:04:44"]
[PlyCount "98"]
[TimeControl "4500+10"]

1. e4 e5 2. Nf3 Nc6 3. Bb5 a6 4. Ba4 Nf6 5. d4 Nxd4 6. Nxd4 exd4 7. e5 Nd5
8. Qxd4 Nb6 9. Bb3 Be7 10. c4 d6 11. O-O O-O 12. Be3 dxe5 13. Qxd8 Rxd8 14.
Nc3 Be6 15. Nd5 Nxd5 16. cxd5 Bxd5 17. Bc2 Bc4 18. Rfc1 Be6 19. Be4 c6 20.
a3 f5 21. Bf3 e4 22. Be2 Bf6 23. Rab1 Rd7 24. f3 exf3 25. Bxf3 Bd4 26. Re1
Kf7 27. b4 Rad8 28. Rbc1 Bxe3+ 29. Rxe3 Rd3 30. Rce1 Rxe3 31. Rxe3 Rd2 32.
Rc3 Bd5 33. Bxd5+ Rxd5 34. Kf2 Kf6 35. Kf3 Rd1 36. g3 g5 37. a4 Rb1 38. Rc4
Rb3+ 39. Kg2 Ke5 40. Rc5+ Ke6 41. b5 axb5 42. axb5 Rxb5 43. Rc2 c5 44. h4
gxh4 45. gxh4 b6 46. Re2+ Kf6 47. Re8 c4 48. Kf2 c3 49. Ke2 Re5+ { White
resigns } 0-1

[Event "ICC tourney 2396 (75 10)"]
[Site "Internet Chess Club"]
[Date "2021.02.20"]
[Round "1"]
[White "VincentT2008"]
[Black "muzikmixer"]
[Result "0-1"]
[ICCResult "White resigns"]
[WhiteElo "1701"]
[BlackElo "1579"]
[Opening "Old Indian defense"]
[ECO "A42"]
[NIC "OI.07"]
[Time "11:04:00"]
[PlyCount "106"]
[TimeControl "4500+10"]

1. d4 d6 2. c4 e5 3. d5 f5 4. Nc3 Nf6 5. g3 a5 6. Bg2 Be7 7. e4 Na6 8. Nge2
Bd7 9. O-O Nc5 10. f3 O-O 11. Be3 fxe4 12. fxe4 Ng4 13. Bd2 Rxf1+ 14. Qxf1
Bg5 15. Qc1 Bxd2 16. Qxd2 Nf6 17. Rf1 a4 18. Nc1 Qe8 19. Nd3 Nxd3 20. Qxd3
Qh5 21. Nd1 Ng4 22. h3 Nf6 23. g4 Qg5 24. Ne3 h5 25. Nf5 hxg4 26. Qg3 Nh5
27. Qxg4 Qxg4 28. hxg4 Nf4 29. Rf2 Bxf5 30. gxf5 b6 31. Bf1 Kf7 32. Rh2 Rc8
33. Kf2 c6 34. dxc6 Rxc6 35. Rh8 b5 36. cxb5 Rc2+ 37. Ke3 Rxb2 38. Ra8 Rb4
39. Ra6 d5 40. exd5 Nxd5+ 41. Kd2 e4 42. Rd6 Rd4+ 43. Ke1 Ke7 44. Re6+ Kd7
45. Rg6 Nc3 46. Rxg7+ Kd6 47. Kf2 Nd5 48. b6 e3+ 49. Ke2 Rd2+ 50. Kf3 Rf2+
51. Ke4 Rxf1 52. b7 Rb1 53. Kd3 Ke5 { White resigns } 0-1

[Event "ICC tourney 2396 (75 10)"]
[Site "Internet Chess Club"]
[Date "2021.02.20"]
[Round "1"]
[White "Niteshc"]
[Black "Supersamraat"]
[Result "1-0"]
[ICCResult "Black checkmated"]
[WhiteElo "1690"]
[BlackElo "1575"]
[Opening "French: Steinitz, Boleslavsky variation"]
[ECO "C11"]
[NIC "FR.04"]
[Time "11:04:01"]
[PlyCount "61"]
[TimeControl "4500+10"]

1. e4 e6 2. d4 d5 3. Nc3 Nf6 4. e5 Nfd7 5. f4 c5 6. Nf3 Nc6 7. Be3 Qb6 8.
Na4 Qa5+ 9. c3 cxd4 10. Nxd4 Nxd4 11. b4 Bxb4 12. Bxd4 Bc5 13. Nxc5 Nxc5
14. Rb1 b6 15. Bb5+ Bd7 16. Bxd7+ Kxd7 17. O-O Rac8 18. f5 Rhf8 19. Qg4 g6
20. fxe6+ fxe6 21. Qh4 h5 22. Qg5 Qxa2 23. Qxg6 Rg8 24. Qf7+ Kc6 25. g3
Rcf8 26. Qe7 Re8 27. Qd6+ Kb7 28. Bxc5 h4 29. Rf7+ Ka8 30. Qc6+ Kb8 31.
Qb7# { Black checkmated } 1-0

[Event "ICC tourney 2396 (75 10)"]
[Site "Internet Chess Club"]
[Date "2021.02.20"]
[Round "1"]
[White "yuanbao2007"]
[Black "JacJac06"]
[Result "1/2-1/2"]
[ICCResult "Game drawn by mutual agreement"]
[WhiteElo "1584"]
[BlackElo "1709"]
[Opening "QGD Slav: 4.Nc3"]
[ECO "D15"]
[NIC "SL.03"]
[Time "11:04:03"]
[PlyCount "77"]
[TimeControl "4500+10"]

1. d4 Nf6 2. Nf3 d5 3. c4 c6 4. Nc3 Bf5 5. Qb3 Qb6 6. c5 Qxb3 7. axb3 Nbd7
8. Bf4 g6 9. e3 Bg7 10. b4 O-O 11. Be2 Ne4 12. Nxe4 Bxe4 13. O-O Bxf3 14.
Bxf3 e5 15. Bg3 exd4 16. exd4 Bxd4 17. Ra2 Ne5 18. Be2 Nd7 19. Rd1 Be5 20.
f4 Bg7 21. Rd3 Rfe8 22. Kf1 f5 23. Rda3 a6 24. Bf2 Re4 25. b5 Rxf4 26. bxa6
bxa6 27. g3 Rb4 28. Rxa6 Rxa6 29. Rxa6 Nb8 30. Ra7 Bxb2 31. Be3 Be5 32. Bh6
Rb1+ 33. Kg2 Rb2 34. Kf3 Rc2 35. Re7 Rc3+ 36. Kg2 Nd7 37. Rxd7 Rxc5 38. Be3
Rc2 39. Kf1 { Game drawn by mutual agreement } 1/2-1/2

[Event "ICC tourney 2396 (75 10)"]
[Site "Internet Chess Club"]
[Date "2021.02.20"]
[Round "1"]
[White "sushivishwa"]
[Black "Ananya22609"]
[Result "0-1"]
[ICCResult "White checkmated"]
[WhiteElo "1750"]
[BlackElo "1595"]
[Opening "Sicilian: closed"]
[ECO "B24"]
[NIC "SI.44"]
[Time "11:03:59"]
[PlyCount "92"]
[TimeControl "4500+10"]

1. e4 c5 2. Nc3 Nc6 3. g3 d6 4. Bg2 Nf6 5. Nge2 e6 6. O-O Be7 7. f4 O-O 8.
d3 a6 9. h3 d5 10. e5 Nd7 11. Kh1 b5 12. d4 b4 13. Na4 a5 14. Be3 Ba6 15.
Rf2 c4 16. f5 exf5 17. Rxf5 Ndb8 18. c3 Bc8 19. Rf2 Be6 20. Nf4 Na6 21. Qe2
Rb8 22. Raf1 Qd7 23. b3 Na7 24. cxb4 Nxb4 25. Nc3 cxb3 26. axb3 Rfc8 27.
Bd2 Nac6 28. Nxe6 fxe6 29. Rf7 Rf8 30. Rxf8+ Rxf8 31. Qg4 Rxf1+ 32. Bxf1
Nc2 33. Bh6 Bf8 34. Bb5 N2xd4 35. Bf4 Qb7 36. Ba4 Nf5 37. Qd1 d4 38. Ne4
Nxe5 39. Qe1 Nd3 40. Qe2 Nxf4 41. gxf4 Ng3+ 42. Kh2 Nxe2 43. Bc6 Qxc6 44.
Nf2 Bd6 45. h4 Bxf4+ 46. Kh3 Qf3# { White checkmated } 0-1

[Event "ICC tourney 2396 (75 10)"]
[Site "Internet Chess Club"]
[Date "2021.02.20"]
[Round "1"]
[White "rpodder1"]
[Black "kittycat35"]
[Result "1-0"]
[ICCResult "Black resigns"]
[WhiteElo "1590"]
[BlackElo "1725"]
[Opening "Giuoco Piano"]
[ECO "C50"]
[NIC "IG.02"]
[Time "11:04:01"]
[PlyCount "105"]
[TimeControl "4500+10"]

1. e4 e5 2. Nf3 Nc6 3. Bc4 Bc5 4. O-O Nf6 5. d3 d6 6. h3 h6 7. Be3 Bxe3 8.
fxe3 O-O 9. Nc3 Re8 10. d4 Bd7 11. a3 a6 12. Qd3 b5 13. Ba2 Qc8 14. Nd5
exd4 15. Nxf6+ gxf6 16. Nxd4 Ne5 17. Qe2 Qd8 18. Qh5 Kg7 19. Nf5+ Bxf5 20.
Rxf5 Ng6 21. Raf1 Re5 22. Qg4 h5 23. Qg3 d5 24. Rxf6 Qxf6 25. Rxf6 Kxf6 26.
Bxd5 Rf8 27. Qf2+ Kg7 28. Qd2 f6 29. Qc3 Ne7 30. Bb7 c5 31. Bxa6 Rb8 32.
Qd3 b4 33. a4 Rf8 34. a5 Kg6 35. Bb7 c4 36. Qxc4 Rxa5 37. Qxb4 Re5 38. c4
Kg7 39. c5 f5 40. Qd4 Ng6 41. exf5 Rxf5 42. e4 Rf7 43. c6 Kh6 44. b4 Ree7
45. b5 Rxb7 46. cxb7 Rxb7 47. b6 Kh7 48. e5 Kg7 49. e6+ Kg8 50. Qd5 Re7 51.
b7 Re8 52. e7+ Kg7 53. Qd8 { Black resigns } 1-0

[Event "ICC tourney 2396 (75 10)"]
[Site "Internet Chess Club"]
[Date "2021.02.20"]
[Round "1"]
[White "StevChess01"]
[Black "NL008"]
[Result "1-0"]
[ICCResult "Black resigns"]
[WhiteElo "1661"]
[BlackElo "1541"]
[Opening "QGD: Tarrasch, Folkestone (Swedish) variation"]
[ECO "D33"]
[NIC "TD.09"]
[Time "11:04:00"]
[PlyCount "71"]
[TimeControl "4500+10"]

1. d4 d5 2. c4 e6 3. Nc3 c5 4. cxd5 exd5 5. Nf3 Nc6 6. g3 c4 7. Bg2 Nf6 8.
O-O Be6 9. Bg5 Be7 10. Re1 O-O 11. b3 Bb4 12. Bd2 Qa5 13. Rc1 Bxc3 14. Bxc3
Qxa2 15. Nd2 cxb3 16. Nxb3 Qa3 17. Nc5 b6 18. Nxe6 fxe6 19. f3 Qd6 20. e4
Qd7 21. e5 Ne8 22. Qd3 Nc7 23. Bd2 Rac8 24. Rc2 Ne7 25. Bb4 Rfe8 26. Bf1 a5
27. Ba3 b5 28. Bd6 b4 29. Ra1 Nc6 30. Rac1 Na8 31. Qb5 Qa7 32. Rxc6 Qxd4+
33. Kh1 Rxc6 34. Qxc6 Rd8 35. Be7 Rb8 36. Qxe6+ { Black resigns } 1-0

[Event "ICC tourney 2396 (75 10)"]
[Site "Internet Chess Club"]
[Date "2021.02.20"]
[Round "1"]
[White "kgeisenman32"]
[Black "MikeWMason"]
[Result "0-1"]
[ICCResult "White resigns"]
[WhiteElo "1557"]
[BlackElo "1664"]
[Opening "Queen's bishop game"]
[ECO "D02"]
[NIC "QP.08"]
[Time "11:04:00"]
[PlyCount "88"]
[TimeControl "4500+10"]

1. d4 d5 2. Nf3 Nf6 3. Bf4 c5 4. c3 Qb6 5. Qb3 c4 6. Qxb6 axb6 7. Nbd2 Bf5
8. e3 h6 9. h3 e6 10. Be2 Be7 11. O-O Nc6 12. Ne5 Nxe5 13. Bxe5 O-O 14.
Rfe1 b5 15. g4 Bg6 16. a3 Ra6 17. Bf3 Rfa8 18. Rac1 Nd7 19. Bg3 Nb6 20. Bd1
Na4 21. Bxa4 bxa4 22. e4 Kf8 23. f3 Rb6 24. Rc2 f5 25. gxf5 exf5 26. Bf4
Re6 27. e5 Bh5 28. Kf2 Raa6 29. Rg1 g5 30. Bh2 f4 31. h4 Bg6 32. Rgc1 Rab6
33. Nxc4 dxc4 34. Rd2 Bd3 35. Re1 Rb5 36. Bg1 g4 37. Kg2 Bxh4 38. Bf2 g3
39. Bg1 Be7 40. Kh3 h5 41. Kg2 h4 42. Kh1 h3 43. Rc1 Rh6 44. Rcd1 h2 {
White resigns } 0-1

[Event "ICC tourney 2396 (75 10)"]
[Site "Internet Chess Club"]
[Date "2021.02.20"]
[Round "1"]
[White "Chessnaught"]
[Black "Zuiopal"]
[Result "1/2-1/2"]
[ICCResult "Game drawn by mutual agreement"]
[WhiteElo "1527"]
[BlackElo "1654"]
[Opening "English opening"]
[ECO "A17"]
[NIC "EO.64"]
[Time "11:04:14"]
[PlyCount "60"]
[TimeControl "4500+10"]

1. c4 Nf6 2. Nc3 e6 3. g3 d5 4. d4 Be7 5. Bg2 c6 6. e3 Nbd7 7. Nge2 O-O 8.
O-O b6 9. Qc2 Bb7 10. a3 Qc7 11. b4 dxc4 12. b5 c5 13. Ne4 cxd4 14. Nxd4
Nxe4 15. Bxe4 Bxe4 16. Qxe4 Bf6 17. Bb2 Nc5 18. Qc2 Bxd4 19. exd4 Nb3 20.
Rab1 Rfd8 21. Rfd1 Rd5 22. Ba1 Rc8 23. a4 Qd7 24. Qe2 Nxa1 25. Rxa1 Rxd4
26. Rxd4 Qxd4 27. Rd1 Qc5 28. Qf3 Qc7 29. Qc3 g6 30. Rd4 e5 { Game drawn by
mutual agreement } 1/2-1/2

[Event "ICC tourney 2396 (75 10)"]
[Site "Internet Chess Club"]
[Date "2021.02.20"]
[Round "1"]
[White "Mitochondria"]
[Black "PvzGuy13"]
[Result "0-1"]
[ICCResult "White resigns"]
[WhiteElo "1575"]
[BlackElo "1691"]
[Opening "QGD semi-Slav"]
[ECO "D43"]
[NIC "SL.03"]
[Time "11:04:01"]
[PlyCount "84"]
[TimeControl "4500+10"]

1. d4 d5 2. c4 c6 3. Nf3 Nf6 4. Nc3 e6 5. Bg5 a6 6. e3 dxc4 7. Bxc4 b5 8.
Bd3 Nbd7 9. O-O h6 10. Bh4 Bb7 11. e4 Be7 12. e5 Nd5 13. Nxd5 Bxh4 14. Nxh4
c5 15. Nf6+ gxf6 16. dxc5 fxe5 17. g3 Rg8 18. Qh5 Nxc5 19. Be2 Qd5 20. Bf3
e4 21. Qxd5 exd5 22. Bg2 Bc8 23. Rac1 Nd3 24. Rc6 Be6 25. Rxe6+ fxe6 26.
Bh3 Ke7 27. b3 Nf4 28. Bg2 Ne2+ 29. Kh1 Rac8 30. a4 b4 31. f3 e3 32. f4 Rc1
33. f5 Rxf1+ 34. Bxf1 Nd4 35. Bxa6 e2 36. Ng2 Ra8 37. Bd3 Rc8 38. Kg1 Rc1+
39. Kf2 e5 40. Ne1 e4 41. Bb5 e3+ 42. Kxe3 Rxe1 { White resigns } 0-1

[Event "ICC tourney 2396 (75 10)"]
[Site "Internet Chess Club"]
[Date "2021.02.20"]
[Round "1"]
[White "sanjay2000"]
[Black "chesslin"]
[Result "1-0"]
[ICCResult "Black resigns"]
[WhiteElo "1615"]
[BlackElo "1788"]
[Opening "Pirc: classical system, 5.Be2"]
[ECO "B06"]
[NIC "PU.03"]
[Time "11:04:51"]
[PlyCount "113"]
[TimeControl "4500+10"]

1. e4 g6 2. d4 Bg7 3. Nf3 d6 4. Nc3 Nf6 5. Be2 O-O 6. h3 a6 7. a4 Nc6 8.
O-O e5 9. dxe5 dxe5 10. Bg5 Be6 11. Nd2 h6 12. Bxf6 Qxf6 13. Bc4 Rad8 14.
Bxe6 fxe6 15. Qc1 Qh4 16. Ne2 Rd7 17. c3 Rfd8 18. Nf3 Qxe4 19. Ng3 Qd3 20.
Ne1 Qd1 21. Qxd1 Rxd1 22. Rxd1 Rxd1 23. Nf3 Rd3 24. Ne4 b6 25. Re1 Kf7 26.
Kf1 Ne7 27. Ke2 Rd8 28. Rd1 Rd5 29. c4 Rxd1 30. Kxd1 Nc6 31. Kd2 Nd4 32.
Kd3 Nxf3 33. gxf3 Bf8 34. b3 Bb4 35. c5 b5 36. c6 g5 37. Nc3 Bxc3 38. Kxc3
bxa4 39. bxa4 Ke7 40. Kb4 Kd6 41. Ka5 Kxc6 42. Kxa6 h5 43. a5 e4 44. Ka7
exf3 45. a6 g4 46. Kb8 g3 47. a7 g2 48. a8=Q+ Kd7 49. Qa4+ c6 50. Qd4+ Ke7
51. Qd1 c5 52. Kc7 c4 53. Kc6 c3 54. Kc5 c2 55. Qc1 Kf6 56. Kd4 e5+ 57. Ke3
{ Black resigns } 1-0

[Event "ICC tourney 2396 (75 10)"]
[Site "Internet Chess Club"]
[Date "2021.02.20"]
[Round "1"]
[White "Vinny773175"]
[Black "fireheart"]
[Result "0-1"]
[ICCResult "White resigns"]
[WhiteElo "1763"]
[BlackElo "1608"]
[Opening "Ruy Lopez: modern Steinitz defense"]
[ECO "C71"]
[NIC "RL.10"]
[Time "11:03:59"]
[PlyCount "124"]
[TimeControl "4500+10"]

1. e4 e5 2. Nf3 Nc6 3. Bb5 a6 4. Ba4 d6 5. h3 Bd7 6. c3 g6 7. d3 Bg7 8. Be3
Nge7 9. Qd2 O-O 10. Bh6 Kh8 11. Bxg7+ Kxg7 12. g4 d5 13. Na3 b5 14. Bb3 Be6
15. Ng5 Bc8 16. O-O-O Na5 17. Bc2 Rb8 18. d4 Bb7 19. Rhe1 h6 20. Nf3 dxe4
21. Bxe4 exd4 22. Qxd4+ Qxd4 23. Nxd4 Nac6 24. Nxc6 Nxc6 25. Nc2 Rfe8 26.
Re3 Rbd8 27. Rxd8 Rxd8 28. Nd4 Rd6 29. f4 Kf6 30. h4 Nd8 31. g5+ Kg7 32. f5
hxg5 33. hxg5 Bxe4 34. Rxe4 Nc6 35. f6+ Kf8 36. Nxc6 Rxc6 37. Re5 Rd6 38.
Kc2 Rd8 39. Kb3 Re8 40. Rxe8+ Kxe8 41. Kb4 Kd7 42. Kc5 c6 43. b4 Kc7 44. a3
Kd7 45. Kb6 Kd6 46. Kxa6 Ke6 47. Kb6 Kf5 48. Kxc6 Kxg5 49. Kd7 Kxf6 50. a4
bxa4 51. b5 a3 52. b6 a2 53. b7 a1=Q 54. b8=Q Qa4+ 55. Kd8 Qa5+ 56. Kd7
Qd5+ 57. Kc8 Qe6+ 58. Kd8 Qe7+ 59. Kc8 Qe8+ 60. Kb7 Qxb8+ 61. Kxb8 Ke6 62.
Kb7 Kd5 { White resigns } 0-1

[Event "ICC tourney 2396 (75 10)"]
[Site "Internet Chess Club"]
[Date "2021.02.20"]
[Round "1"]
[White "landonp"]
[Black "trucker"]
[Result "0-1"]
[ICCResult "White resigns"]
[WhiteElo "1524"]
[BlackElo "1640"]
[Opening "Ruy Lopez: Berlin defense, Beverwijk variation"]
[ECO "C65"]
[NIC "RL.07"]
[Time "11:04:05"]
[PlyCount "88"]
[TimeControl "4500+10"]

1. e4 e5 2. Nf3 Nc6 3. Bb5 Nf6 4. O-O Bc5 5. Bxc6 dxc6 6. Nxe5 Be6 7. d3 h6
8. Bf4 g5 9. Bg3 h5 10. h3 h4 11. Bh2 Nh5 12. Qf3 Qe7 13. Nd2 O-O-O 14. Ng4
Rdf8 15. Nb3 Bb6 16. a4 a6 17. a5 Ba7 18. Rfd1 f5 19. Ne5 Qg7 20. d4 g4 21.
Qd3 fxe4 22. Qxe4 Bf5 23. Qe3 g3 24. Rdc1 Rhg8 25. Bxg3 hxg3 26. f3 Re8 27.
f4 Qh6 28. Rf1 Bxc2 29. Nd2 Qd6 30. Ndf3 c5 31. Qd2 cxd4 32. Nc4 d3+ 33.
Kh1 Qxf4 34. Qc3 Bf2 35. Nfe5 Kb8 36. Nb6 cxb6 37. Nd7+ Ka8 38. axb6 Qd6
39. Rxa6+ bxa6 40. Qa5 Qxd7 41. Qxa6+ Kb8 42. b7 Qxb7 43. Qd6+ Kc8 44. Qf6
Nxf6 { White resigns } 0-1

[Event "ICC tourney 2396 (75 10)"]
[Site "Internet Chess Club"]
[Date "2021.02.20"]
[Round "1"]
[White "shrey16ultimate"]
[Black "Abror"]
[Result "0-1"]
[ICCResult "White resigns"]
[WhiteElo "1600"]
[BlackElo "1753"]
[Opening "Queen's pawn"]
[ECO "A40"]
[NIC "QO.17"]
[Time "11:03:59"]
[PlyCount "147"]
[TimeControl "4500+10"]

1. d4 e6 2. Bf4 d5 3. e3 f5 4. c4 c6 5. Nc3 Bd6 6. Bg3 Nf6 7. Bd3 O-O 8.
Nf3 Ne4 9. O-O Bxg3 10. hxg3 Nd7 11. Qe1 b6 12. Ne5 Nxe5 13. dxe5 Qg5 14.
Ne2 Ba6 15. Nf4 Rfe8 16. cxd5 Bxd3 17. Nxd3 exd5 18. Nb4 c5 19. Nxd5 Rad8
20. Rd1 Rd7 21. Qe2 Qd8 22. Nc3 Nxc3 23. bxc3 Rxe5 24. Rxd7 Qxd7 25. Rd1
Qc7 26. Qb5 Re7 27. Qd3 g6 28. Qd5+ Kg7 29. c4 a6 30. a4 Kf6 31. Qa8 a5 32.
Rd8 Rd7 33. Rf8+ Kg5 34. f4+ Kh6 35. Rh8 Qd6 36. Kh2 Qf6 37. Qc8 Rf7 38.
Rg8 Qe7 39. Re8 Qd7 40. Qxd7 Rxd7 41. Re6 Rb7 42. Kg1 Kh5 43. Kf2 Kg4 44.
Rd6 Re7 45. Rxb6 Re4 46. Rb2 Rxc4 47. Ra2 Rb4 48. Ke2 c4 49. Kd2 Kxg3 50.
Kc3 h5 51. Kd4 h4 52. Kc3 Rb1 53. Kxc4 Rg1 54. Kb5 Rxg2 55. Ra1 h3 56. Kxa5
h2 57. Rh1 Rg1 58. Rxh2 Kxh2 59. Kb5 Ra1 60. a5 Kg3 61. Kb4 Kf3 62. Kb5
Kxe3 63. Kb6 Kxf4 64. a6 g5 65. Kb7 g4 66. a7 g3 67. a8=Q Rxa8 68. Kxa8 g2
69. Kb7 g1=Q 70. Ka6 Qb1 71. Ka5 Ke5 72. Ka6 Kd6 73. Ka5 Kc5 74. Ka4 {
White resigns } 0-1

[Event "ICC tourney 2396 (75 10)"]
[Site "Internet Chess Club"]
[Date "2021.02.20"]
[Round "2"]
[White "Abror"]
[Black "rpodder1"]
[Result "1-0"]
[ICCResult "Black resigns"]
[WhiteElo "1753"]
[BlackElo "1590"]
[Opening "Sicilian: dragon, 6.Be3"]
[ECO "B72"]
[NIC "SI.16"]
[Time "14:31:25"]
[PlyCount "53"]
[TimeControl "4500+10"]

1. e4 c5 2. Nf3 d6 3. d4 cxd4 4. Nxd4 Nf6 5. Nc3 g6 6. Be3 Bg7 7. Bc4 a6 8.
f3 O-O 9. Qd2 b5 10. Bb3 Bb7 11. h4 Nbd7 12. h5 Nxh5 13. Bh6 e5 14. Bxg7
Kxg7 15. Nf5+ Kg8 16. Qh6 Qf6 17. O-O-O gxf5 18. Qxh5 Qg7 19. Rxd6 Rad8 20.
Qxf5 Bc8 21. Rdh6 Nc5 22. Qh5 Nxb3+ 23. axb3 f6 24. Rxh7 Qg5+ 25. Qxg5+
fxg5 26. Nd5 Rf7 27. Rh8+ { Black resigns } 1-0

[Event "ICC tourney 2396 (75 10)"]
[Site "Internet Chess Club"]
[Date "2021.02.20"]
[Round "2"]
[White "Zuiopal"]
[Black "Yamato1945"]
[Result "1-0"]
[ICCResult "Black checkmated"]
[WhiteElo "1654"]
[BlackElo "1510"]
[Opening "QGD: Tarrasch defense"]
[ECO "D32"]
[NIC "TD.10"]
[Time "14:31:49"]
[PlyCount "131"]
[TimeControl "4500+10"]

1. d4 d5 2. c4 e6 3. Nc3 c5 4. e3 Nf6 5. Nf3 Nc6 6. Be2 Be7 7. O-O O-O 8.
b3 b6 9. Bb2 Bb7 10. cxd5 exd5 11. dxc5 Bxc5 12. Na4 Be7 13. Nd4 Nxd4 14.
Bxd4 Ne4 15. Nc3 Nxc3 16. Bxc3 Bf6 17. Bd4 Re8 18. Bf3 Bxd4 19. Qxd4 Re6
20. g3 Rd6 21. Rfd1 Qe7 22. Rac1 Rad8 23. Bg2 Rc6 24. Rxc6 Bxc6 25. e4 Qc5
26. Qxc5 bxc5 27. exd5 Bb7 28. f4 Kf8 29. Kf2 Ke7 30. d6+ Rxd6 31. Rxd6
Kxd6 32. Bxb7 Kc7 33. Bd5 f6 34. Ke3 Kd6 35. Bc4 a5 36. Ke4 g6 37. g4 h6
38. Bf7 g5 39. f5 Kc6 40. Bc4 Kd6 41. a4 Kc6 42. Bb5+ Kd6 43. h3 Ke7 44.
Kd5 Kf7 45. Kxc5 Ke7 46. Kd5 Kf7 47. Bd7 Ke7 48. Be6 Ke8 49. Kc5 Ke7 50.
Kc6 Ke8 51. Kb5 Ke7 52. Kxa5 Kd6 53. b4 Ke5 54. b5 Kf4 55. b6 Kg3 56. b7
Kxh3 57. b8=Q Kxg4 58. Qb4+ Kg3 59. Qc3+ Kg2 60. Bd5+ Kg1 61. Qe3+ Kf1 62.
Bc4+ Kg2 63. Bd5+ Kf1 64. Bf3 g4 65. Qe2+ Kg1 66. Qg2# { Black checkmated }
1-0